 Dungeon Crawl Stone Soup version 0.20.1-1-g8b1a95d (webtiles) character file.

81252 dohliylev the Unseen (level 15, -5/120 HPs)
             Began as a Vampire Assassin on Aug 14, 2017.
             Was the Champion of Dithmenos.
             Slain by an Executioner (17 damage)
             ... summoned by a deep elf demonologist
             ... on level 1 of the Elven Halls.
             The game lasted 02:10:13 (23501 turns).

dohliylev the Unseen (Vampire Assassin)            Turns: 23501, Time: 02:10:24

Health: -5/120     AC: 12    Str: 15    XL:     15   Next: 26%
Magic:  25/25      EV: 26    Int: 14    God:    Dithmenos [******]
Gold:   1720       SH:  6    Dex: 22    Spells: 18/28 levels left

rFire    . . .     SeeInvis +   d - +6 rapier "Irerul" {protect, Fragile +Blink +Fly Stlth+}
rCold    . . .     Gourm    .   w - +0 buckler
rNeg     . . .     Faith    .   N - +0 steam dragon scales
rPois    .         Spirit   .   n - +1 helmet {SInv}
rElec    .         Reflect  .   A - +2 cloak
rCorr    .         Harm     .   C - +0 pair of gloves
MR       +....                  E - +0 pair of boots
Stlth    ++++++++++             Z - amulet of magic regeneration (curse)
Regen    0.5/turn               o - ring of stealth
MPRegen  0.3/turn               L - +5 ring of strength

@: regenerating quickly, hasted, wreathed by umbra, very quick
A: fangs 3, see invisible, unbreathing
a: Shadow Step, Shadow Form, Renounce Religion, Evoke Blink, Evoke Flight


You were on level 1 of the Elven Halls.
You worshipped Dithmenos.
Dithmenos was exalted by your worship.
You were very full.

You visited 5 branches of the dungeon, and saw 23 of its levels.
You also visited: Labyrinth, Bailey and Ice Cave.

You collected 2080 gold pieces.
You spent 360 gold pieces at shops.

Inventory:

Hand Weapons
 a - a +2 dagger of venom
 d - the +6 rapier "Irerul" (weapon) {protect, Fragile +Blink +Fly Stlth+}
   (You found it in a bailey)

   It protects the one who uses it against injury (+AC on strike).
   It lets you fly.
   It lets you blink.
   It will be destroyed if unequipped.
   It makes you more stealthy.
Missiles
 e - 10 poisoned needles
Armour
 f - +0 ice dragon scales
 n - a +1 helmet of see invisible (worn)
 q - a +1 robe of resistance
 w - a +0 buckler (worn)
 x - the +3 shield "Qityurai" {Str+4}
   (You found it on level 1 of the Elven Halls)

   It affects your strength (+4).
 A - a +2 cloak (worn)
 C - a +0 pair of gloves (worn)
 E - a +0 pair of boots (worn)
 H - the +3 ring mail of Jigsaw {rElec}
   (You found it in an ice cave)

   It insulates you from electricity.
 N - +0 steam dragon scales (worn)
 U - a +2 robe of positive energy
Jewellery
 c - an uncursed ring of protection from cold
 o - a ring of stealth (left hand)
 G - an uncursed ring of wizardry
 L - a +5 ring of strength (right hand)
 Z - a cursed amulet of magic regeneration (around neck)
Wands
 s - a wand of polymorph (1/24)
 Q - a wand of confusion (35/48)
 V - a wand of enslavement (15/24)
Scrolls
 b - a scroll of random uselessness {unknown}
 j - 10 scrolls of teleportation
 m - 6 scrolls of remove curse
 u - a scroll of amnesia
 y - a scroll of holy word {unknown}
 z - 3 scrolls of blinking
 B - 2 scrolls of fear
 J - 6 scrolls of enchant weapon
 R - a scroll of brand weapon
 T - a scroll of summoning
 X - 2 scrolls of fog
 Y - 2 scrolls of recharging
Potions
 g - 39 potions of blood
 h - a potion of cancellation
 i - 7 potions of might
 k - 3 potions of agility
 l - a potion of resistance {unknown}
 p - a potion of invisibility
 r - 9 potions of curing
 t - a potion of magic
 v - a potion of brilliance {unknown}
 D - a potion of ambrosia {unknown}
 F - 4 potions of flight
 K - 6 potions of heal wounds
 M - a potion of haste
Books
 I - a book of Annihilations

   Spells                             Type                      Level
   a - Poison Arrow                   Conjuration/Poison           6
   b - Chain Lightning                Conjuration/Air              8
   c - Lehudib's Crystal Spear        Conjuration/Earth            8
   d - Glaciate                       Conjuration/Ice              9
   e - Fire Storm                     Conjuration/Fire             9
 O - a book of Power

   Spells                             Type                      Level
   a - Iskenderun's Battlesphere      Conjuration/Charms           5
   b - Venom Bolt                     Conjuration/Poison           5
   c - Bolt of Magma                  Conjuration/Fire/Earth       5
   d - Iron Shot                      Conjuration/Earth            6
   e - Orb of Destruction             Conjuration                  7
   f - Spellforged Servitor           Conjuration/Summoning        7
 S - a book of Summonings

   Spells                             Type                      Level
   a - Recall                         Summoning/Translocation      3
   b - Aura of Abjuration             Summoning                    5
   c - Summon Demon                   Summoning                    5
   d - Summon Forest                  Summoning/Translocation      5
   e - Summon Mana Viper              Hexes/Summoning              5
   f - Shadow Creatures               Summoning                    6
 W - a book of Necromancy

   Spells                             Type                      Level
   a - Pain                           Necromancy                   1
   b - Animate Skeleton               Necromancy                   1
   c - Vampiric Draining              Necromancy                   3
   d - Regeneration                   Charms/Necromancy            3
   e - Animate Dead                   Necromancy                   4
   f - Control Undead                 Necromancy                   4


   Skills:
 + Level 12.1 Fighting
 - Level 14.0 Short Blades
 - Level 4.9 Throwing
 + Level 14.5 Dodging
 - Level 16.0 Stealth
 + Level 5.2 Shields
 * Level 7.1 Spellcasting
 * Level 3.1 Necromancy
 - Level 1.1 Invocations


You had 18 spell levels left.
You knew the following spells:

 Your Spells              Type           Power        Failure   Level  Hunger
a - Regeneration          Chrm/Necr      #.........   22%         3    ##.....
b - Vampiric Draining     Necr           ##........   12%         3    ##.....
c - Control Undead        Necr           ##........   36%         4    ####...


Dungeon Overview and Level Annotations

Branches:
Dungeon (13/15)            Temple (1/1) D:4            Lair (6/6) D:11
 Shoals (0/4) Lair:3        Snake (0/4) Lair:4        Slime (0/5) Lair:5
    Orc (2/2) D:10            Elf (1/3) Orc:2        Vaults (0/5) D:13

Altars:
Ashenzari
Cheibriados
Dithmenos
Fedhas
Gozag
Hepliaklqana
Kikubaaqudgha
Makhleb
Okawaru
Qazlal
Ru
Sif Muna
Trog
Uskayaw
Xom
Yredelemnul
Zin
The Shining One
Beogh
Jiyva
Lugonu

Shops:
D:7 !   D:11 %   Orc:2 (!*[

Portals:
Trove: Elf:1 (show slimy rune of Zot)


Innate Abilities, Weirdness & Mutations

Your natural rate of healing is unusually fast.
You have razor-sharp teeth.
You have supernaturally acute eyesight. (SInv)
You can survive without breathing.


Message History

The deep elf mage shouts!
The deep elf archer shouts!
You hear a shout!
The deep elf high priest invokes the aid of its god against you.
Something smites you!
* * * LOW HITPOINT WARNING * * *
You feel yourself speed up.
The deep elf archer unwields an uncursed dagger.
The deep elf archer wields an uncursed shortbow.
The deep elf archer shoots an arrow.
The arrow misses you.
The hellwing disappears in a puff of smoke!
The Executioner gestures at you. You resist with some effort.
The deep elf knight mumbles some strange words.
The deep elf knight seems to speed up.
The Executioner hits you!
* * * LOW HITPOINT WARNING * * *
You emit a cloud of dark smoke.
The Executioner hits you.
* * * LOW HITPOINT WARNING * * *
The Executioner hits you but does no damage.
The Executioner hits you!
You die...

#..........##.......e..
#..........#..().......
#..............e...>...
#.........e...e..e.....
#.........e............
+..))..................
#...)............^...e
. #..)...1.............
#.)....@............ #
#.....ยงยงยง.#........
## #........##.......
.+ #.(.....## ...... .#
##.....## .... .#
#####'# .# # #.# .# #.
#.# .####.#########.###


You could see an Executioner, a deep elf archer, a deep elf knight, a deep elf
high priest and a dire flail of crushing (wandering).

Vanquished Creatures
  A minotaur (Lab)
  Erolcha (D:10)
  3 hydras
  A centaur warrior (D:11)
  9 two-headed ogres
  3 death yaks
  An orc high priest (Orc:1)
  Urug (D:13)
  A deep elf knight (Elf:1)
  A deep elf archer (Elf:1)
  A wizard (D:13)
  A necromancer (IceCv)
  10 orc knights
  7 deep elf magi
  6 oklob plants
  An orc sorcerer (Orc:2)
  An ugly thing (D:11)
  3 manticores
  17 elephants (Lair:6)
  4 black mambas
  A centaur skeleton (D:13)
  4 ice statues (IceCv)
  9 spiny frogs
  A torpor snail (Lair:4)
  An efreet (D:13)
  4 rime drakes
  13 komodo dragons
  6 ice devils (IceCv)
  A tengu conjurer (D:13)
  3 trolls
  8 polar bears
  6 dream sheep (Lair:6)
  6 slime creatures (D:12)
  9 hornets
  9 hippogriffs
  3 shadows
  Sigmund (D:2)
  2 wraiths
  33 yaks
  13 spriggans (Lair:6)
  3 hungry ghosts
  7 basilisks
  2 wyverns
  A steam dragon (D:9)
  10 wargs
  Edmund (D:5)
  22 water moccasins
  9 porcupines
  52 orc warriors
  3 sky beasts
  An eye of draining (D:9)
  11 ice beasts
  3 phantoms
  9 ogres
  39 wolves
  3 boggarts (Lair:6)
  2 necrophages
  A centaur (D:8)
  9 crocodiles
  19 bullfrogs
  3 big kobolds
  2 scorpions
  6 wights
  2 electric eels (Lair:6)
  6 howler monkeys
  7 crimson imps
  5 bullfrog zombies
  2 draconian simulacra (IceCv)
  10 hounds
  5 jellies
  A centaur zombie (D:7)
  25 orc wizards
  13 orc priests
  8 iguanas
  Natasha (twice) (D:2)
  A spriggan simulacrum (IceCv)
  4 troll simulacra (IceCv)
  7 worker ants
  A centaur simulacrum (IceCv)
  A hound zombie (D:8)
  A hound skeleton (D:8)
  A howler monkey skeleton (D:8)
  11 gnolls
  2 ogre simulacra (IceCv)
  7 adders
  3 shadow imps
  3 adder skeletons
  3 worms (D:2)
  4 dart slugs
  3 leopard geckos (D:3)
  112 orcs
  8 giant cockroaches
  5 goblins
  10 hobgoblins
  8 jackals
  3 quokkas
  A ball python (D:2)
  9 bats
  4 frilled lizards
  19 kobolds
  5 rats
  A bush (Lair:2)
  2 butterflies (Lair:3)
  2 plants
751 creatures vanquished.

Vanquished Creatures (others)
  A scorpion (D:4)
  2 orc wizards
  A bat (D:1)
  A kobold (D:1)
  A rat (D:1)
  2 fungi (Lair:1)
  12 plants
20 creatures vanquished.

Grand Total: 771 creatures vanquished

Notes
Turn   | Place    | Note
-------+----------+-------------------------------------------
     0 | D:1      | dohliylev the Vampire Assassin began the quest for the Orb.
     0 | D:1      | Reached XP level 1. HP: 16/16 MP: 1/1
    50 | D:1      | Reached skill level 6 in Stealth
   179 | D:1      | Reached XP level 2. HP: 22/22 MP: 2/2
   666 | D:2      | Noticed Sigmund
   970 | D:2      | Killed Sigmund
   970 | D:2      | Reached skill level 9 in Stealth
   970 | D:2      | Reached XP level 3. HP: 19/27 MP: 3/3
   970 | D:2      | Reached XP level 4. HP: 24/33 MP: 4/4
   970 | D:2      | Reached XP level 5. HP: 28/38 MP: 5/5
  1499 | D:2      | Noticed Natasha
  1532 | D:2      | Killed Natasha
  1662 | D:2      | Noticed Natasha
  1685 | D:2      | Killed Natasha
  1685 | D:2      | Reached XP level 6. HP: 12/44 MP: 6/6
  2100 | D:2      | Reached skill level 10 in Stealth
  2870 | D:4      | Found a staircase to the Ecumenical Temple.
  2882 | Temple   | Entered the Ecumenical Temple
  3018 | Temple   | Became a worshipper of Dithmenos the Shadowed
  3160 | D:4      | Found a stormy altar of Qazlal.
  3183 | D:4      | Found a glowing golden altar of the Shining One.
  3226 | D:4      | Found a basalt altar of Yredelemnul.
  3254 | D:4      | Reached skill level 11 in Stealth
  3330 | D:4      | Found a glowing golden altar of the Shining One.
  3383 | D:4      | Reached XP level 7. HP: 37/50 MP: 7/7
  3513 | D:4      | Found a hazy altar of Hepliaklqana.
  3659 | D:4      | Noticed an angel
  3676 | D:5      | Entered Level 5 of the Dungeon
  3703 | D:5      | Found a shattered altar of Ashenzari.
  3830 | D:5      | Reached * piety under Dithmenos
  4070 | D:5      | Noticed Edmund
  4075 | D:5      | Killed Edmund
  4075 | D:5      | Reached skill level 12 in Stealth
  4375 | D:6      | Found an opulent altar of Gozag.
  4713 | D:7      | Reached skill level 1 in Shields
  4717 | D:7      | Reached skill level 5 in Short Blades
  4717 | D:7      | Reached XP level 8. HP: 57/57 MP: 8/8
  5875 | D:7      | Found Liloemi's Distillery.
  6010 | D:7      | Found a burning altar of Makhleb.
  6014 | D:7      | Reached ** piety under Dithmenos
  6156 | D:7      | Reached XP level 9. HP: 65/65 MP: 9/9
  6550 | D:8      | Noticed a two-headed ogre
  6750 | D:8      | Found a flagged portal.
  6760 | Bailey   | Entered a bailey
  6999 | Bailey   | Reached skill level 5 in Fighting
  7169 | Bailey   | Reached skill level 5 in Dodging
  7398 | Bailey   | Got a crude rapier
  7399 | Bailey   | Found a roughly hewn altar of Beogh.
  7399 | Bailey   | Noticed an orc knight
  7404 | Bailey   | Reached XP level 10. HP: 74/74 MP: 10/10
  7406 | Bailey   | Killed an orc knight
  7406 | Bailey   | Reached skill level 1 in Invocations
  7559 | D:8      | Identified the +6 rapier "Irerul" {protect, Fragile +Blink +Fly Stlth+} (You found it in a bailey)
  7819 | D:8      | Killed a two-headed ogre
  7971 | D:8      | Noticed a two-headed ogre
  7979 | D:8      | Killed a two-headed ogre
  8108 | D:9      | Reached *** piety under Dithmenos
  8329 | D:9      | Noticed a two-headed ogre
  8570 | D:8      | Killed a two-headed ogre
  8736 | D:9      | Found an ancient bone altar of Kikubaaqudgha.
  8778 | D:9      | Noticed a two-headed ogre
  8781 | D:9      | Killed a two-headed ogre
  8781 | D:9      | Reached XP level 11. HP: 81/81 MP: 11/11
  9161 | D:9      | Reached skill level 10 in Dodging
  9279 | D:9      | Reached **** piety under Dithmenos
  9321 | D:10     | Entered Level 10 of the Dungeon
  9510 | D:11     | Found Atsukh's Food Shop.
  9515 | D:11     | Reached skill level 5 in Shields
  9629 | D:10     | Noticed Erolcha
  9633 | D:10     | Killed Erolcha
  9780 | D:10     | Found a staircase to the Orcish Mines.
  9790 | D:10     | Reached ***** piety under Dithmenos
 10158 | D:10     | You fall through a shaft for 3 floors!
 10158 | D:13     | Noticed Urug
 10160 | D:13     | Killed Urug
 10163 | D:13     | Noticed a two-headed ogre
 10192 | D:13     | Killed a two-headed ogre
 10192 | D:13     | Reached skill level 10 in Short Blades
 10192 | D:13     | Reached skill level 13 in Stealth
 10344 | D:13     | Noticed a wizard
 10349 | D:13     | Killed a wizard
 10355 | D:13     | Found a gate to the Vaults.
 10355 | D:13     | Noticed a deep elf mage
 10355 | D:13     | Noticed a two-headed ogre
 10370 | D:13     | Killed a two-headed ogre
 10378 | D:13     | Killed a deep elf mage
 10420 | D:13     | Reached skill level 14 in Stealth
 10433 | D:13     | Noticed a centaur warrior
 10532 | D:12     | Reached XP level 12. HP: 75/91 MP: 12/12
 10624 | D:12     | Noticed a two-headed ogre
 10632 | D:12     | Killed a two-headed ogre
 11317 | D:11     | Reached skill level 15 in Stealth
 11396 | D:11     | Found a staircase to the Lair.
 11486 | D:11     | Noticed a centaur warrior
 11498 | D:11     | Killed a centaur warrior
 11697 | D:11     | Noticed a two-headed ogre
 11702 | D:11     | Killed a two-headed ogre
 11888 | Lair:1   | Entered Level 1 of the Lair of Beasts
 11990 | Lair:1   | Reached ****** piety under Dithmenos
 12069 | Lair:1   | Reached skill level 16 in Stealth
 13081 | Lair:2   | Found a labyrinth entrance.
 13089 | Lair:2   | Reached XP level 13. HP: 99/99 MP: 13/13
 13097 | Lab      | Entered a labyrinth
 14078 | Lab      | Noticed a minotaur
 14307 | Lab      | Killed a minotaur
 15215 | Lair:3   | Reached skill level 1 in Spellcasting
 15412 | Lair:3   | Found a staircase to the Shoals.
 15767 | Lair:4   | Found a staircase to the Snake Pit.
 16135 | Lair:4   | Got a twisted scimitar
 17154 | Lair:5   | Found a frozen archway.
 17237 | IceCv    | Entered an ice cave
 18072 | IceCv    | Got a spiked ring mail
 18175 | IceCv    | Identified the +3 ring mail of Jigsaw {rElec} (You found it in an ice cave)
 18411 | Lair:5   | Reached XP level 14. HP: 109/109 MP: 15/20
 18413 | Lair:5   | Reached skill level 10 in Fighting
 18504 | Lair:5   | Found a viscous altar of Jiyva.
 18504 | Lair:5   | Found a staircase to the Slime Pits.
 18696 | Lair:6   | Entered Level 6 of the Lair of Beasts
 19064 | Lair:6   | Reached skill level 5 in Spellcasting
 19732 | Lair:6   | Got a crude plate armour
 20354 | Lair:6   | Identified the +7 plate armour "Dohidaiv" {Int+2} (You found it on level 6 of the Lair of Beasts)
 21180 | Orc:1    | Entered Level 1 of the Orcish Mines
 21185 | Orc:1    | Learned a level 3 spell: Regeneration
 21189 | Orc:1    | Learned a level 3 spell: Vampiric Draining
 21194 | Orc:1    | Learned a level 4 spell: Control Undead
 21199 | Orc:1    | Found a bloodstained altar of Trog.
 21251 | Orc:1    | Found an iron altar of Okawaru.
 21679 | Orc:2    | Entered Level 2 of the Orcish Mines
 21835 | Orc:2    | Reached skill level 1 in Necromancy
 22071 | Orc:2    | Found Lejoat Ewee's Assorted Antiques.
 22071 | Orc:2    | Found Nyisaree's Armour Boutique.
 22187 | Orc:2    | Reached XP level 15. HP: 95/120 MP: 24/24
 22318 | Orc:2    | Found a staircase to the Elven Halls.
 22665 | Orc:2    | Found Qugaq's Antique Weapon Shoppe.
 22817 | Orc:2    | Found Bapiq's Distillery.
 22856 | Orc:2    | Bought a potion of curing for 45 gold pieces
 22856 | Orc:2    | Bought a potion of might for 60 gold pieces
 22856 | Orc:2    | Bought a potion of might for 60 gold pieces
 22856 | Orc:2    | Bought a potion of might for 60 gold pieces
 22856 | Orc:2    | Bought a potion of heal wounds for 75 gold pieces
 22856 | Orc:2    | Bought a potion of agility for 60 gold pieces
 22877 | Orc:2    | Found a roughly hewn altar of Beogh.
 23280 | Elf:1    | Entered Level 1 of the Elven Halls
 23295 | Elf:1    | Found a portal to a secret trove of treasure.
 23325 | Elf:1    | Got a spiked shield
 23336 | Elf:1    | Identified the +3 shield "Qityurai" {Str+4} (You found it on level 1 of the Elven Halls)
 23477 | Elf:1    | Noticed an Executioner
 23488 | Elf:1    | Noticed a Hell Sentinel
 23501 | Elf:1    | Slain by an Executioner

Skill      XL: |  1  2  3  4  5  6  7  8  9 10 11 12 13 14 15 |
---------------+----------------------------------------------+-----
Stealth        | 6 9 11 12 14 16 | 16.0
Fighting       | 2 4 5 6 7 8 9 11 12 | 12.1
Throwing       | 2 3 4 |  4.9
Short Blades   | 3 5 7 9 10 12 14 | 14.0
Dodging        | 2 3 5 9 10 11 12 14 | 14.5
Shields        | 1 2 4 5 |  5.2
Invocations    | 1 |  1.1
Spellcasting   | 4 6 7 |  7.1
Necromancy     | 1 3 |  3.1

Action                   |  1- 3 |  4- 6 |  7- 9 | 10-12 | 13-15 || total
-------------------------+-------+-------+-------+-------+-------++-------
Melee: Dagger            |    43 |   130 |   245 |     1 |       ||   419
       Bite              |     5 |    10 |    37 |    98 |   339 ||   489
       Rapier            |       |       |    76 |   747 |  1915 ||  2738
       Unarmed           |       |       |     1 |       |       ||     1
 Fire: Blowgun           |     9 |     8 |    31 |       |       ||    48
 Cast: Regeneration      |       |       |       |       |    11 ||    11
Invok: Shadow Step       |       |       |     3 |     5 |     4 ||    12
 Abil: End Transformatio |       |       |     9 |       |       ||     9
       Bat Form          |       |       |     9 |       |       ||     9
  Use: Potion            |       |     1 |     6 |    15 |    22 ||    44
       Scroll            |       |       |       |    15 |     8 ||    23
 Stab: Sleeping          |     3 |    34 |    37 |    94 |   106 ||   274
       Distracted        |       |       |     1 |     2 |     6 ||     9
  Eat: Corpse            |       |     1 |     6 |    15 |    30 ||    52
Armor: Robe              |     5 |    16 |    34 |    82 |    14 ||   151
       Steam dragon scal |       |       |       |       |   151 ||   151
       Ring mail         |       |       |       |       |     1 ||     1
Dodge: Dodged            |    24 |    51 |   147 |   371 |   930 ||  1523
Block: Buckler           |       |       |    40 |   119 |   299 ||   458
